 Dungeon Crawl Stone Soup version 0.32-a0-705-g60f233581c (webtiles) character file.

Game seed: 3015952658386695136

139 jasper the Slasher (level 5, -13/38 HPs)
             Began as a Coglin Gladiator on Mar 14, 2024.
             Mangled by an ogre
             ... wielding a +0 giant club
              (32 damage)
             ... on level 3 of the Dungeon.
             The game lasted 00:03:17 (1640 turns).

jasper the Slasher (Coglin Gladiator)               Turns: 1640, Time: 00:03:18

Health: -13/38     AC: 10    Str: 14    XL:     5   Next: 22%
Magic:  5/5        EV:  9    Int:  8    God:
Gold:   21         SH:  0    Dex: 17    Spells: 4/4 levels left

rFire   . . .        a - +0 long sword {Yuina}
rCold   . . .        f - +0 dagger {Shi}
rNeg    . . .        g - +0 scale mail
rPois   .            c - +1 helmet
rElec   .            (no cloak)
rCorr   .            o - +0 pair of gloves
SInv    .            n - +0 pair of boots
Will    .....        (amulet unavailable) Stlth
                     (ring unavailable)
HPRegen 0.26/turn    (ring unavailable)
MPRegen 0.09/turn    (no gizmo)

%: no passive effects
@: revved
A: off-hand wielding, slow wielding, warmup strikes, no jewellery
a: Invent Gizmo


You were on level 3 of the Dungeon.
You visited 1 branch of the dungeon, and saw 3 of its levels.

You collected 66 gold pieces.
You spent 45 gold pieces at shops.

Inventory:

Hand Weapons
 a - a +0 long sword (weapon) {Yuina}
 f - a +0 dagger (offhand) {Shi}
Missiles
 d - 3 throwing nets (quivered)
 e - a javelin
 j - 4 curare-tipped darts
Armour
 b - a +0 leather armour
 c - a +1 helmet (worn)
 g - a +0 scale mail (worn)
 n - a +0 pair of boots (worn)
 o - a +0 pair of gloves (worn)
Scrolls
 h - a scroll of silence
Potions
 i - a potion of brilliance {unknown}
 k - a potion of lignification {unknown}
 l - a potion of might {unknown}
 m - a potion of attraction {unknown}


   Skills:
 - Level 2.0 Fighting
 + Level 5.7 Long Blades
 - Level 1.7 Throwing
 - Level 2.6 Dodging


You had 4 spell levels left.
You didn't know any spells.
Your spell library was empty.

Dungeon Overview and Level Annotations

Branches:
Dungeon (3/15)

Altars:

Shops:
D:1 [   D:2 (


Innate Abilities, Weirdness & Mutations

You can wield a second weapon in your off-hand.
It takes a long time for you to wield or remove held weapons.
Your first few attacks do less damage.
You cannot equip rings or amulets.


Message History

o - a +0 pair of gloves You start putting on your armour.
You continue putting on your +0 pair of gloves. x4
You finish putting on your +0 pair of gloves.
Done exploring.
Done exploring.
There is a stone staircase leading down here.
You climb downwards.
There is a stone staircase leading up here.
Found a robe.
A kobold comes into view. It is wielding a +0 whip.
The kobold shouts!
You hear a shout!
A kobold is nearby!
An ogre comes into view. It is wielding a +0 giant club.
The ogre shouts!
You hit the kobold with your +0 long sword.
You kill the kobold!
Found a plate armour.
Things that are here:
a +0 whip; 5 stones You closely miss the ogre with your +0 long sword.
You hit the ogre with your +0 dagger.
You barely miss the ogre with your +0 long sword.
The ogre is lightly wounded.
You hit the ogre with your +0 dagger. The ogre barely misses you.
You hit the ogre with your +0 dagger.
The ogre is heavily wounded.
You hit the ogre with your +0 long sword.
The ogre hits you with a +0 giant club!!
Ouch! That really hurt!
You take 19 damage, and have 19/38 hp.
MASSIVE DAMAGE!!
You hit the ogre with your +0 long sword.
The ogre is severely wounded.
You barely miss the ogre with your +0 dagger.
You hit the ogre with your +0 long sword.
The ogre is almost dead.
You hit the ogre but do no damage.
The ogre hits you with a +0 giant club!!
Ouch! That really hurt!
You die...

........#
.........
........#
........#
[.......#
........#
........####
......O@...#
........##.#
........##.#
#.########.#
# #.#######
#.......#
#######.#
#.# #.#.#


You could see an ogre.

Vanquished Creatures
  Robin (D:2)
  4 gnolls (D:2)
  2 adders (D:2)
  3 dart slugs
  A ribbon worm (D:2)
  2 bats (D:1)
  3 endoplasms
  3 giant cockroaches
  13 goblins
  10 hobgoblins
  3 jackals (D:2)
  A quokka (D:2)
  5 ball pythons
  2 frilled lizards
  6 kobolds
  4 rats
63 creatures vanquished.

Notes
Turn   | Place    | Note
-------+----------+-------------------------------------------
     0 | D:1      | jasper the Coglin Gladiator began the quest for the Orb.
     0 | D:1      | Reached XP level 1. HP: 16/16 MP: 1/1
    53 | D:1      | Found Nibotysi's Armour Shop.
   130 | D:1      | Reached XP level 2. HP: 20/22 MP: 2/2
   474 | D:1      | Reached skill level 4 in Long Blades
   483 | D:1      | Reached XP level 3. HP: 21/27 MP: 3/3
   772 | D:2      | Reached XP level 4. HP: 24/33 MP: 4/4
   783 | D:2      | Reached skill level 5 in Long Blades
   915 | D:2      | Noticed Robin
   947 | D:2      | Killed Robin
   988 | D:2      | Reached XP level 5. HP: 38/38 MP: 5/5
  1243 | D:2      | Found Loicror's Antique Weapon Shop.
  1535 | D:1      | Bought a +0 pair of boots for 45 gold pieces
  1632 | D:3      | Noticed an ogre
  1640 | D:3      | Mangled by an ogre

Illustrated notes

Levels and vault maps discovered:
D:1:      amcnicky_arrival_underground_garden, layout_basic, serial_shops,
          nicolae_shop_window_shopping, minmay_3d_cube
D:2:      layout_basic, serial_shops, nicolae_lakefront_shop, hex_medium,
          nrook_campfire, hex_tiny, grunt_decor_arrowhead,
          hangedman_decor_riveting, uniq_robin
D:3:      layout_basic, dreamdust_ecumenical_altar_grove, minmay_statues_item

Skill      XL: |  1  2  3  4 |
---------------+-------------+-----
Long Blades    | 4 5 |  5.7
Fighting       | |  2.0
Throwing       | |  1.7
Dodging        | |  2.6

Action                     |  1- 3 |  4- 6 || total
---------------------------+-------+-------++-------
  Melee: Long sword        |    73 |    69 ||   142
         Dagger            |    61 |    59 ||   120
    Use: Scroll            |     3 |       ||     3
   Stab: Sleeping          |     1 |       ||     1
 Armour: Leather armour    |    44 |     5 ||    49
         Scale mail        |       |    27 ||    27
  Dodge: Dodged            |    57 |    31 ||    88

Table legend: (Time is in decaauts)
 A = Elapsed time spent in this place.
 B = Non-inter-level travel time spent in this place.
 C = Inter-level travel time spent in this place.
 D = Time resting spent in this place.
 E = Time spent auto-exploring this place.
 F = Levels seen in this place.
 G = Mean time per level.
                   A        B        C        D        E       F      G
               +--------+--------+--------+--------+--------+-----+--------+
         Total |   1643 |   1505 |    138 |     31 |   1034 |   3 |  547.7 |
       Dungeon |   1643 |   1505 |    138 |     31 |   1034 |   3 |  547.7 |
               +--------+--------+--------+--------+--------+-----+--------+

Top non-repeatable levels by time:
     D:2: 879 daAuts
     D:1: 730 daAuts
     D:3: 33 daAuts
